 Dungeon Crawl Stone Soup version 0.30-a0-122-g2a1322497e (webtiles) character file.

Game seed: 13206903043260997083

39 porpoise the Grave Robber (level 3, -9/25 HPs)
             Began as an Octopode Wanderer on Sept 16, 2022.
             Killed from afar by a white imp (10 damage)
             ... with a puff of frost
             ... summoned by Natasha
             ... on level 2 of the Dungeon.
             The game lasted 00:04:20 (1509 turns).

porpoise the Grave Robber (Octopode Wanderer)       Turns: 1509, Time: 00:04:21

Health: -9/25      AC:  1    Str:  7    XL:     3   Next: 45%
Magic:  4/4        EV: 12    Int: 18    God:
Gold:   61         SH:  0    Dex: 13    Spells: 3/4 levels left

rFire   . . .      SeeInvis .    a - +0 dagger
rCold   . . .      Faith    .    (no shield)
rNeg    . . .      Spirit   .    (helmet restricted)
rPois   .          Reflect  .    (no amulet)
rElec   .          Harm     .    (no ring)
rCorr   .          Rampage  .    (no ring)
Will    .....                    (no ring)
Stlth   ++........               (no ring)
HPRegen 0.08/turn                (no ring)
MPRegen 0.09/turn                (no ring)
                                 (no ring)
                                 (no ring)

@: slowed, very slow
A: almost no armour, amphibious, 8 rings, camouflage 1, gelatinous body 1,
(nimble swimmer 1), tentacles
a: no special abilities


You were on level 2 of the Dungeon.
You visited 1 branch of the dungeon, and saw 2 of its levels.

You collected 61 gold pieces.

Inventory:

Hand Weapons
 a - a +0 dagger (weapon)
 b - a +0 sling
Scrolls
 d - a scroll of magic mapping {unknown}
 e - 2 scrolls of teleportation {unknown}
 f - a scroll of vulnerability {unknown}
 h - a scroll of immolation {unknown}
 j - a scroll of silence
Potions
 c - a potion of lignification
 i - a potion of heal wounds {unknown}


   Skills:
 + Level 2.3 Fighting
 + Level 0.2 Stealth
 + Level 2.0 Unarmed Combat
 - Level 1.0 Spellcasting
 - Level 4.0 Necromancy
 - Level 2.4 Poison Magic
 - Level 2.1 Evocations


You had 3 spell levels left.
You knew the following spells:

 Your Spells              Type           Power      Damage    Failure   Level
a - Sting                 Tmut/Pois      20%        1d4       12%         1

Your spell library contained the following spells:

 Spells                   Type           Power      Damage    Failure   Level
 Necrotise                Necr           60%        1d7       3%          1
 Sublimation of Blood     Necr           15%        N/A       6%          2
 Ignite Poison            Fire/Tmut/Pois 3%         N/A       41%         3
 Anguish                  Hex/Necr       4%         N/A       65%         4


Dungeon Overview and Level Annotations

Branches:
Dungeon (2/15)

Altars:

Annotations:
D:2 Natasha, Sigmund


Innate Abilities, Weirdness & Mutations

You cannot wear most types of armour.
You are amphibious.
You can wear up to eight rings at the same time.
Your skin changes colour to match your surroundings (Stealth+).
Your rubbery body absorbs attacks. (AC +1, EV +1)
((You are camouflaged when in or above water. (Stealth+)))
You have tentacles for arms and can constrict up to eight enemies at once.


Message History

The magic dart hits you!
You shoot a sling bullet. The sling bullet hits Natasha.
Natasha is almost dead.
Natasha mumbles some strange words. x2
A ball python comes into view.
a - a +0 dagger (weapon)
The hobgoblin hits you. Natasha casts a spell at you. The magic dart hits you.
* * * LOW HITPOINT WARNING * * *
The hobgoblin hits you.
* * * LOW HITPOINT WARNING * * *
The shadow imp gestures at you. Pain shoots through your body!
* * * LOW HITPOINT WARNING * * *
It was a potion of curing.
You feel better. The hobgoblin hits you.
Natasha mumbles some strange words.
The shadow imp attacks as you move away!
The shadow imp hits you. The hobgoblin hits you.
* * * LOW HITPOINT WARNING * * *
You hit the hobgoblin. You grab the hobgoblin.
The hobgoblin is heavily wounded.
You constrict the hobgoblin, but do no damage.
The hobgoblin closely misses you. The shadow imp hits you.
* * * LOW HITPOINT WARNING * * *
You hit the hobgoblin.
The hobgoblin is severely wounded.
You constrict the hobgoblin. The hobgoblin misses you.
The shadow imp barely misses you. The hobgoblin closely misses you.
The shadow imp hits you.
* * * LOW HITPOINT WARNING * * *
You feel better.
You constrict the hobgoblin, but do no damage.
The white imp gestures at you. The puff of frost hits you!
* * * LOW HITPOINT WARNING * * *
The hobgoblin barely misses you. The white imp gestures at you.
The puff of frost hits you!
You die...

#.# ##....### # # ...
####...# ## ##.# # ..
###.# .##...# .. #.##
#.# ....# ... .<#
#.#### ....# ..###.#
#..... .##...# .....##
#####.... .# #.#
#.55## #........ ....#
# #.@5.## ##.####...
....# ###g..####..#
#... .....#
#..........## ####
.....#
....5........###
.>##...
..##............# .##
... ............#.##
#### ..
.###.........#..###...
.. .
....S...............
..
##################...


You could see a white imp (summoned), 2 shadow imps, a hobgoblin and a ball
python (wandering).

Vanquished Creatures
  An adder (D:2)
  4 ball pythons (D:1)
  An endoplasm (D:1)
  A giant cockroach (D:1)
  A goblin (D:1)
  5 hobgoblins
  4 jackals (D:1)
  2 bats
  4 frilled lizards (D:2)
  4 rats (D:1)
27 creatures vanquished.

Notes
Turn   | Place    | Note
-------+----------+-------------------------------------------
     0 | D:1      | porpoise the Octopode Wanderer began the quest for the Orb.
     0 | D:1      | porpoise set off with the following items: a +0 dagger, a
                  | scroll of silence, a potion of lignification; and the
                  | following spells available to memorise: Necrotise,
                  | Sublimation of Blood, Sting, Ignite Poison, Anguish.
     0 | D:1      | Reached XP level 1. HP: 13/13 MP: 2/2
     2 | D:1      | Learned a level 1 spell: Sting
   140 | D:1      | Found a faded altar of an unknown god.
   412 | D:1      | Reached skill level 1 in Unarmed Combat
   412 | D:1      | Reached XP level 2. HP: 13/18 MP: 3/3
   936 | D:1      | Reached XP level 3. HP: 23/24 MP: 4/4
  1375 | D:2      | Noticed Sigmund
  1499 | D:2      | Noticed Natasha
  1508 | D:2      | HP: 1/25 [shadow imp[Natasha] (3)]
  1509 | D:2      | Killed from afar by a white imp

Illustrated notes

Levels and vault maps discovered:
D:1:      dpeg_chamrin_arrival_tetris, layout_loops_ring,
          dreamdust_ecumenical_altar_angels_and_demons
D:2:      layout_rooms, hex_tiny, uniq_sigmund, uniq_natasha

Skill      XL: |  1  2  3 |
---------------+----------+-----
Unarmed Combat | 1 2 |  2.0
Fighting       | 2 |  2.3
Stealth        | |  0.2
Spellcasting   | |  1.0
Necromancy     | |  4.0
Poison Magic   | |  2.4
Evocations     | |  2.1

Action                   || total
-------------------------++-------
Melee: Dagger            ||    62
       Constrict         ||    17
       Tentacles         ||    13
       Punch             ||     4
 Fire: Sling             ||     4
 Cast: Sting             ||     1
  Use: Potion            ||     2
 Stab: Sleeping          ||     4
Armor: Skin              ||     4
Dodge: Dodged            ||    36

Table legend: (Time is in decaauts)
 A = Elapsed time spent in this place.
 B = Non-inter-level travel time spent in this place.
 C = Inter-level travel time spent in this place.
 D = Time resting spent in this place.
 E = Time spent auto-exploring this place.
 F = Levels seen in this place.
 G = Mean time per level.
                   A        B        C        D        E       F      G
               +--------+--------+--------+--------+--------+-----+--------+
         Total |   1514 |   1508 |      6 |    357 |    941 |   2 |  757.0 |
       Dungeon |   1514 |   1508 |      6 |    357 |    941 |   2 |  757.0 |
               +--------+--------+--------+--------+--------+-----+--------+

Top non-repeatable levels by time:
     D:1: 1153 daAuts
     D:2: 361 daAuts
